 Dungeon Crawl Stone Soup version 0.26-a0-1139-g7d2dc893a1 (webtiles) character file.

Game seed: 5537449770971040489

4 vvl the Grave Robber (level 1, -2/13 HPs)
             Began as a Demonspawn Necromancer on Dec 22, 2020.
             Slain by a kobold (3 damage)
             ... on level 1 of the Dungeon.
             The game lasted 00:01:51 (602 turns).

vvl the Grave Robber (Demonspawn Necromancer)        Turns: 602, Time: 00:01:52

Health: -2/13      AC:  2    Str:  8    XL:     1   Next: 58%
Magic:  3/3        EV: 12    Int: 16    God:
Gold:   0          SH:  0    Dex: 13    Spells: 3/4 levels left

rFire    . . .     SeeInvis .   (no weapon)
rCold    . . .     Faith    .   (no shield)
rNeg     . . .     Spirit   .   a - +0 robe
rPois    .         Reflect  .   (no helmet)
rElec    .         Harm     .   (no cloak)
rCorr    .         Rampage  .   (no gloves)
Will     .....                  (no boots)
Stlth    ++........             (no amulet)
HPRegen  0.04/turn              (no ring)
MPRegen  0.08/turn              (no ring)

@: no status effects
A: no striking features
a: no special abilities


You were on level 1 of the Dungeon.
You visited 1 branch of the dungeon, and saw 1 of its levels.

Inventory:

Armour
 a - a +0 robe (worn)
Scrolls
 c - a scroll of amnesia {unknown}
 d - 2 scrolls of identify {unknown}
Potions
 b - a potion of ambrosia {unknown}


   Skills:
 + Level 0.2 Fighting
 * Level 0.4 Maces & Flails
 - Level 1.7 Dodging
 - Level 1.7 Stealth
 + Level 2.0 Spellcasting
 + Level 4.4 Necromancy


You had 3 spell levels left.
You knew the following spells:

 Your Spells              Type           Power        Failure   Level
a - Pain                  Necr           60%          3%          1

Your spell library contained the following spells:

 Spells                   Type           Power        Failure   Level
 Animate Skeleton         Necr           30%          3%          1
 Vampiric Draining        Necr           7%           10%         3
 Animate Dead             Necr           7%           32%         4
 Agony                    Necr           15%          67%         5


Dungeon Overview and Level Annotations

Branches:
Dungeon (1/15)

Altars:


Message History

The leopard gecko bites you.
* * * LOW HITPOINT WARNING * * *
The leopard gecko bites you.
* * * LOW HITPOINT WARNING * * *
The leopard gecko hisses menacingly.
You hit the leopard gecko.
The leopard gecko is lightly wounded.
The leopard gecko closely misses you.
You miss the leopard gecko.
The leopard gecko is lightly wounded.
The leopard gecko closely misses you. The leopard gecko bites you.
* * * LOW HITPOINT WARNING * * *
You hit the leopard gecko but do no damage.
The leopard gecko is lightly wounded.
The kobold closely misses you.
The leopard gecko bites you but does no damage.
You hit the leopard gecko.
The leopard gecko is heavily wounded.
The kobold hits you.
You die...

#..........( #.# #..#....[... #
#.###........... ..
###............... ...
#........######### ....
+..............K..
....##.........########
#...K..##...###.....
#####......#..@l............###
##≈≈≈##.....#######.............
##≈≈P≈≈##........................
#≈≈≈.≈≈≈##....######.....########
≈≈P.8.P≈≈#....#..........#
≈≈.....≈≈#.#..#..........########
≈.......≈8.#..#....#.......†.....
.P8.<.8P.+.#...........#.########
≈.......≈8.##.#..........#


You could see a leopard gecko and a kobold.

Vanquished Creatures
  A ball python (D:1)
  A bat (D:1)
  A goblin (D:1)
  A rat (D:1)
4 creatures vanquished.

Notes
Turn   | Place    | Note
-------+----------+-------------------------------------------
     0 | D:1      | vvl the Demonspawn Necromancer began the quest for the Orb.
     0 | D:1      | Reached XP level 1. HP: 13/13 MP: 3/3
   602 | D:1      | Slain by a kobold

Illustrated notes

Levels and vault maps discovered:
D:1:      lightli_arrival_statuegarden, layout_basic

Action                   || total
-------------------------++-------
Melee: Unarmed           ||    67
 Stab: Sleeping          ||     2
Armor: Robe              ||    26
Dodge: Dodged            ||    66

Table legend: (Time is in decaauts)
 A = Elapsed time spent in this place.
 B = Non-inter-level travel time spent in this place.
 C = Inter-level travel time spent in this place.
 D = Time resting spent in this place.
 E = Time spent auto-exploring this place.
 F = Levels seen in this place.
 G = Mean time per level.
                   A        B        C        D        E       F      G
               +--------+--------+--------+--------+--------+-----+--------+
         Total |    602 |    602 |      0 |    253 |    176 |   1 |  602.0 |
       Dungeon |    602 |    602 |      0 |    253 |    176 |   1 |  602.0 |
               +--------+--------+--------+--------+--------+-----+--------+

Top non-repeatable levels by time:
     D:1: 602 daAuts
